 Dungeon Crawl Stone Soup version 0.27.1-4-g1640c2035a (webtiles) character file.

Game seed: 13897157275971174614

46 FancyManDan the Skirmisher (level 3, 0/29 HPs)
             Began as a Demonspawn Abyssal Knight on Nov 8, 2021.
             Was a Believer of Lugonu.
             Slain by Natasha (2 damage)
             ... on level 2 of the Dungeon.
             The game lasted 00:06:06 (2312 turns).

FancyManDan the Skirmisher (DsAK)                   Turns: 2312, Time: 00:06:07

Health: 0/29       AC:  8    Str: 12    XL:     3   Next: 46%
Magic:  5/5        EV: 10    Int: 13    God:    Lugonu [**....]
Gold:   86         SH:  0    Dex: 13    Spells: 2/2 levels left

rFire    . . .     SeeInvis .     - Unarmed
rCold    . . .     Faith    .   (no shield)
rNeg     . . .     Spirit   .   g - +0 ring mail
rPois    .         Reflect  .   k - +0 helmet
rElec    .         Harm     .   (no cloak)
rCorr    .         Rampage  .   (no gloves)
Will     .....                  (no boots)
Stlth    +.........             (no amulet)
HPRegen  0.09/turn              (no ring)
MPRegen  0.09/turn              (no ring)

@: slowed, very slow
A: slimy green scales 1
a: Renounce Religion, Depart the Abyss, Bend Space


You were on level 2 of the Dungeon.
You worshipped Lugonu.
Lugonu was pleased with you.
You visited 1 branch of the dungeon, and saw 2 of its levels.
You visited the Abyss 1 time.

You collected 86 gold pieces.

Inventory:

Armour
 g - a +0 ring mail (worn)
 k - a +0 helmet (worn)
Scrolls
 a - a scroll of enchant armour {unknown}
 b - 3 scrolls of identify {unknown}
 d - a scroll of teleportation {unknown}
 j - a scroll of magic mapping {unknown}
Potions
 c - a potion of heal wounds {unknown}
 e - a potion of magic {unknown}
 f - a potion of mutation {unknown}
 i - a potion of might {unknown}


   Skills:
 + Level 3.3 Fighting
 + Level 2.2 Armour
 + Level 1.5 Dodging
 + Level 2.2 Unarmed Combat
 + Level 3.2 Invocations


You had 2 spell levels left.
You didn't know any spells.
Your spell library was empty.

Dungeon Overview and Level Annotations

Branches:
Dungeon (2/15)

Altars:

Annotations:
D:2 Natasha


Innate Abilities, Weirdness & Mutations

You are partially covered in slimy green scales. (AC +2)


Message History

Natasha hisses.
Natasha claws you.
* * * LOW HITPOINT WARNING * * *
The giant cockroach bites you but does no damage.
The giant cockroach barely misses you. Natasha claws you but does no damage.
You hit Natasha.
Natasha is heavily wounded.
Natasha stares at you and mumbles some strange words.
You resist with significant effort.
The giant cockroach bites you but does no damage.
Natasha claws you.
* * * LOW HITPOINT WARNING * * *
The giant cockroach closely misses you.
You closely miss Natasha.
Natasha is heavily wounded.
Natasha misses you. Natasha completely misses you.
The giant cockroach bites you but does no damage.
You barely miss Natasha.
Natasha is heavily wounded.
Natasha claws you.
* * * LOW HITPOINT WARNING * * *
The giant cockroach closely misses you.
Natasha casts a spell.
The giant cockroach bites you but does no damage.
You barely miss Natasha.
Natasha is heavily wounded.
Natasha claws you.
* * * LOW HITPOINT WARNING * * *
The giant cockroach closely misses you. Natasha claws you but does no damage.
The shadow imp barely misses you.
The giant cockroach bites you but does no damage.
Natasha hisses.
Natasha misses you.
You closely miss Natasha.
Natasha is heavily wounded.
Natasha claws you.
* * * LOW HITPOINT WARNING * * *
The giant cockroach bites you but does no damage.
The shadow imp closely misses you. Natasha claws you.
You die...

#...# ##[## #.##.#
#.### ##.#.## #.##.#
#.#####.###.###<##.#
#....†.## ##........
#..####.# #.########
#..# #.#.# #..# #.#
######..######.#
#.......5@h...# #
#.#####.B####.# #..#
#..# #..# #... ..##
##


You could see Natasha (fast), a shadow imp (summoned) and a giant cockroach.

Vanquished Creatures
  2 dart slugs
  4 endoplasms
  A giant cockroach (D:1)
  3 goblins
  6 hobgoblins
  4 jackals (D:1)
  5 kobolds (D:1)
  2 quokkas (D:1)
  2 ball pythons
  2 bats (D:1)
  2 frilled lizards (D:1)
  5 rats (D:1)
38 creatures vanquished.

Vanquished Creatures (others)
  A plant (D:1)
1 creature vanquished.

Grand Total: 39 creatures vanquished

Notes
Turn   | Place    | Note
-------+----------+-------------------------------------------
     0 | Abyss:1  | FancyManDan the Demonspawn Abyssal Knight began the quest
                  | for the Orb.
     0 | Abyss:1  | Reached XP level 1. HP: 18/18 MP: 2/2
    11 | D:1      | Escaped the Abyss
   285 | D:1      | Reached skill level 1 in Dodging
   303 | D:1      | Gained mutation: You are partially covered in slimy green
                  | scales. (AC +2) [demonic ancestry]
   303 | D:1      | Reached XP level 2. HP: 9/24 MP: 4/4
   871 | D:1      | Found a faded altar of an unknown god.
  1318 | D:1      | Reached ** piety under Lugonu
  1333 | D:1      | Reached XP level 3. HP: 14/29 MP: 5/5
  2297 | D:2      | Noticed Natasha
  2312 | D:2      | Slain by Natasha

Illustrated notes

Levels and vault maps discovered:
D:1:      minmay_arrival_wavy_path, layout_loops_ring,
          hellmonk_ecumenical_altar_inner_sanctum, serial_bayou_pond_c,
          hangedman_glass_garden, minmay_tromino_v4_c
D:2:      layout_loops_ring, uniq_natasha

Skill      XL: |  1  2 |
---------------+-------+-----
Dodging        | 1 |  1.5
Armour         | 2 |  2.2
Unarmed Combat | 2 |  2.2
Invocations    | 3 |  3.2
Fighting       | |  3.3

Action                   || total
-------------------------++-------
Melee: Unarmed           ||   184
       Punch             ||     2
Armor: Leather armour    ||    34
       Ring mail         ||    35
Dodge: Dodged            ||    86
